 Dungeon Crawl Stone Soup version 0.27.0-1-g7a089689b8 (webtiles) character file.

Game seed: 1613560457547149476

45 Demosthentine the Poker (level 3, -1/28 HPs)
             Began as a Merfolk Gladiator on Aug 2, 2021.
             Slain by a gnoll sergeant (9 damage)
             ... on level 3 of the Dungeon.
             The game lasted 00:01:36 (1449 turns).

Demosthentine the Poker (Merfolk Gladiator)         Turns: 1449, Time: 00:01:37

Health: -1/28      AC:  4    Str: 15    XL:     3   Next: 64%
Magic:  3/3        EV: 13    Int:  7    God:
Gold:   101        SH:  0    Dex: 15    Spells: 2/2 levels left

rFire    . . .     SeeInvis .   a - +0 trident
rCold    . . .     Faith    .   (no shield)
rNeg     . . .     Spirit   .   b - +0 leather armour
rPois    .         Reflect  .   c - +0 helmet
rElec    .         Harm     .   (no cloak)
rCorr    .         Rampage  .   (no gloves)
Will     .....                  (no boots)
Stlth    +.........             (no amulet)
HPRegen  0.09/turn              (no ring)
MPRegen  0.08/turn              (no ring)

@: no status effects
A: (nimble swimmer 2), mertail
a: no special abilities


You were on level 3 of the Dungeon.
You visited 1 branch of the dungeon, and saw 3 of its levels.

You collected 101 gold pieces.

Inventory:

Hand Weapons
 a - a +0 trident (weapon)
Missiles
 d - a throwing net (quivered)
Armour
 b - a +0 leather armour (worn)
 c - a +0 helmet (worn)
Scrolls
 j - 2 scrolls of magic mapping
Potions
 f - 2 potions of lignification {unknown}
 g - a potion of ambrosia
 h - a potion of invisibility {unknown}


   Skills:
 + Level 2.8 Fighting
 + Level 5.0 Polearms
 - Level 2.0 Throwing
 + Level 0.9 Armour
 + Level 4.6 Dodging


You had 2 spell levels left.
You didn't know any spells.
Your spell library contained the following spells:

 Spells                   Type           Power      Damage    Failure   Level
 Frozen Ramparts          Ice            0%         1d2       86%         3
 Ice Form                 Ice/Tmut       0%         N/A       99%         4
 Summon Ice Beast         Ice/Summ       0%         N/A       99%         4


Dungeon Overview and Level Annotations

Branches:
Dungeon (3/15)

Altars:


Innate Abilities, Weirdness & Mutations

((You are quick and stealthy near water. (Stealth+, EV+, Speed+++)))
Your lower body shifts to a powerful aquatic tail in water.


Message History

The gnoll sergeant is moderately wounded.
The gnoll sergeant struggles against the net.
Unknown command.
Reach: a) +0 trident
Press: ? - help, Dir - move target, f/p - gnoll sergeant
Aim: a gnoll sergeant, wielding a +0 spear and wearing a +0 scale mail (moderately wounded, entangled in a net, about 7% to evade your +0 trident)
You reach to attack!
You catch the helpless gnoll sergeant completely off-guard!
You hit the gnoll sergeant.
The gnoll sergeant is heavily wounded.
The gnoll sergeant struggles against the net.
Reach: a) +0 trident
Press: ? - help, Dir - move target, f/p - gnoll sergeant
Aim: a gnoll sergeant, wielding a +0 spear and wearing a +0 scale mail (heavily wounded, entangled in a net, about 7% to evade your +0 trident)
You reach to attack!
You hit the gnoll sergeant.
The gnoll sergeant is severely wounded.
The gnoll sergeant struggles against the net.
The net rips apart, and the gnoll sergeant comes free!
Reach: a) +0 trident
Press: ? - help, Dir - move target, f/p - gnoll sergeant
Aim: a gnoll sergeant, wielding a +0 spear and wearing a +0 scale mail (severely wounded, about 32% to evade your +0 trident)
You reach to attack!
You hit the gnoll sergeant but do no damage.
The gnoll sergeant is severely wounded.
The gnoll sergeant closely misses you.
Reach: a) +0 trident
Press: ? - help, Dir - move target, f/p - gnoll sergeant
Aim: a gnoll sergeant, wielding a +0 spear and wearing a +0 scale mail (severely wounded, about 32% to evade your +0 trident)
You reach to attack!
You hit the gnoll sergeant but do no damage.
The gnoll sergeant is severely wounded.
The gnoll sergeant hits you from afar with a +0 spear.
* * * LOW HITPOINT WARNING * * *
Reach: a) +0 trident
Press: ? - help, Dir - move target, f/p - gnoll sergeant
Aim: a gnoll sergeant, wielding a +0 spear and wearing a +0 scale mail (severely wounded, about 32% to evade your +0 trident)
You reach to attack!
You hit the gnoll sergeant.
The gnoll sergeant is almost dead.
The gnoll sergeant hits you from afar with a +0 spear!
You die...

#.........###.........#
#####...
+.........'...........+
.....>..
#.........###.........#
######.. ########.##
#...).....# ......<.
#.. #.........#
........ ##.
#...).....# ........ .#
#.........#. #####...
#........... #.#.
#...@....... +.#.
####'#####.. +.#.
####g### #. #...
#..ggg.# .. #......#
..# #g.....# ........#
.........# ...........#


You could see a gnoll sergeant and 3 gnolls.

Vanquished Creatures
  A worm (D:2)
  A dart slug (D:1)
  7 endoplasms
  A giant cockroach (D:1)
  3 goblins
  A hobgoblin (D:3)
  7 kobolds
  2 ball pythons
  5 bats
  4 frilled lizards
  7 rats
39 creatures vanquished.

Notes
Turn   | Place    | Note
-------+----------+-------------------------------------------
     0 | D:1      | Demosthentine the Merfolk Gladiator began the quest for the
                  | Orb.
     0 | D:1      | Reached XP level 1. HP: 16/16 MP: 1/1
   143 | D:1      | Reached XP level 2. HP: 16/23 MP: 2/2
   678 | D:2      | Reached XP level 3. HP: 28/28 MP: 3/3
   983 | D:2      | Reached skill level 5 in Polearms
  1429 | D:3      | Noticed a gnoll sergeant
  1449 | D:3      | Slain by a gnoll sergeant

Illustrated notes

Levels and vault maps discovered:
D:1:      lemuel_arrival_tunnels, layout_rooms, minmay_tall_x
D:2:      layout_rooms, fountainhead
D:3:      layout_basic, general_overflow_altar, item_on_display_a

Skill      XL: |  1  2  3 |
---------------+----------+-----
Polearms       | 5 |  5.0
Fighting       | |  2.8
Throwing       | |  2.0
Armour         | |  0.9
Dodging        | |  4.6

Action                   || total
-------------------------++-------
Melee: Trident           ||   108
Throw: Throwing net      ||     2
  Use: Scroll            ||     4
 Stab: Sleeping          ||     5
       Held in net/web   ||     3
Armor: Leather armour    ||    19
Dodge: Dodged            ||    35
